 Dungeon Crawl Stone Soup version 0.24.0-13-gcf9b319 (webtiles) character file.

Game seed: 12110009569596085045, levelgen mode: deterministic

67 Fortress the Vexing (level 4, -1/41 HPs)
             Began as an Ogre Arcane Marksman on Jan 13, 2020.
             Slain by a gnoll
             ... wielding a cursed +0 spear
              (4 damage)
             ... on level 2 of the Dungeon.
             The game lasted 00:04:09 (976 turns).

Fortress the Vexing (Ogre Arcane Marksman)           Turns: 976, Time: 00:04:09

Health: -1/41      AC:  3    Str: 15    XL:     4   Next: 16%
Magic:  4/5        EV: 10    Int: 14    God:
Gold:   27         SH:  0    Dex:  9    Spells: 4/5 levels left

rFire    . . .     SeeInvis .   c - +0 spear
rCold    . . .     Gourm    .   (no shield)
rNeg     . . .     Faith    .   a - +0 robe
rPois    .         Spirit   .   (helmet restricted)
rElec    .         Reflect  .   (no cloak)
rCorr    .         Harm     .   (gloves unavailable)
MR       .....                  (boots unavailable)
Stlth    +.........             (no amulet)
HPRegen  0.13/turn              (no ring)
MPRegen  0.09/turn              (no ring)

@: no status effects
A: large, unfitting armour, tough skin 1
a: no special abilities


You were on level 2 of the Dungeon.
You were not hungry.

You visited 1 branch of the dungeon, and saw 2 of its levels.

You collected 27 gold pieces.

Inventory:

Hand Weapons
 c - a +0 spear (weapon)
Armour
 a - a +0 robe (worn)
Scrolls
 b - a scroll of identify {unknown}
 d - 2 scrolls of remove curse {unknown}
 e - a scroll of random uselessness {unknown}
Comestibles
 f - 3 rations


   Skills:
 + Level 1.6 Fighting
 + Level 3.0 Throwing
 + Level 2.5 Dodging
 + Level 0.2 Stealth
 + Level 0.5 Unarmed Combat
 + Level 1.2 Spellcasting
 + Level 3.1 Hexes


You had 4 spell levels left.
You knew the following spells:

 Your Spells              Type           Power        Failure   Level  Hunger
a - Corona                Hex            #......      7%          1    ##.....

Your spell library contained the following spells:

 Spells                   Type           Power        Failure   Level  Hunger
 Slow                     Hex            #.......     11%         2    ###....
 Inner Flame              Hex/Fire       #.......     38%         3    ####...
 Portal Projectile        Hex/Tloc       #.....       38%         3    ####...
 Cause Fear               Hex            #.........   56%         4    #####..
 Leda's Liquefaction      Hex/Erth       #.........   80%         4    #####..


Dungeon Overview and Level Annotations

Branches:
Dungeon (2/15)

Altars:


Innate Abilities, Weirdness & Mutations

You are too large for most types of armour.
You have tough skin. (AC +1)


Message History

Unknown command.
The gnoll hits you with a cursed +0 spear.
* * * LOW HITPOINT WARNING * * *
Things that are here:
a +0 halberd; a gnoll corpse Really attack unarmed? [Y]es or [N]o only, please.
Really attack unarmed? [Y]es or [N]o only, please.
Really attack unarmed? [Y]es or [N]o only, please.
Really attack unarmed?
Okay, then.
Okay, then.
c - a +0 spear (weapon)
You hit the gnoll.
The gnoll is heavily wounded.
The gnoll closely misses you.
The gnoll hits you with a cursed +0 spear.
You die...

#.#.#. ..# ...#.## #.#
# .....# #.# .#
#..###.##..#
#..........#
#...##.###.#
#...##.....#
#....#(.####.#
#..#.#@......$
#########.†#.#g#####.#
..........<#.#(#
.#.....#.##.#(#
#.###.#.##.#.#
#.#.##.#.#
###.#.##.#..
#........###
#######.#.#.####


You could see a gnoll.

Vanquished Creatures
  2 gnolls (D:2)
  An adder (D:2)
  An ooze (D:1)
  2 dart slugs
  A leopard gecko (D:1)
  3 bats (D:1)
  2 giant cockroaches (D:1)
  3 goblins (D:1)
  3 hobgoblins (D:1)
  3 frilled lizards (D:1)
  3 kobolds (D:1)
  7 rats
31 creatures vanquished.

Notes
Turn   | Place    | Note
-------+----------+-------------------------------------------
     0 | D:1      | Fortress the Ogre Arcane Marksman began the quest for the
                  | Orb.
     0 | D:1      | Reached XP level 1. HP: 19/19 MP: 2/2
     2 | D:1      | Noticed a felid
     2 | D:1      | Noticed a vine stalker
     4 | D:1      | Noticed an ogre
     4 | D:1      | Noticed a minotaur
     6 | D:1      | Noticed a gargoyle
     6 | D:1      | Noticed a demigod
     8 | D:1      | Noticed a merfolk
    10 | D:1      | Noticed an elf
    10 | D:1      | Noticed a dwarf
    12 | D:1      | Noticed a centaur
    14 | D:1      | Noticed a naga
    16 | D:1      | Noticed a spriggan
    16 | D:1      | Noticed a draconian
    18 | D:1      | Noticed a tengu
    18 | D:1      | Noticed a demonspawn
    20 | D:1      | Noticed a human
    20 | D:1      | Noticed a ghoul
    22 | D:1      | Noticed an octopode
    22 | D:1      | Noticed a halfling
    24 | D:1      | Noticed a formicid
    26 | D:1      | Noticed a troll
    26 | D:1      | Noticed a vampire
   129 | D:1      | Reached XP level 2. HP: 1/27 MP: 3/3
   589 | D:1      | Reached XP level 3. HP: 32/33 MP: 4/4
   956 | D:2      | Reached XP level 4. HP: 36/41 MP: 5/5
   976 | D:2      | Slain by a gnoll

Levels and vault maps discovered:
D:1:      kb_arrival_jail, layout_rooms, minmay_domino_2
D:2:      layout_basic, minmay_gold_behind_fungi

Skill      XL: |  1  2  3  4 |
---------------+-------------+-----
Dodging        | 2 |  2.5
Hexes          | 3 |  3.1
Throwing       | 3 |  3.0
Fighting       | |  1.6
Stealth        | |  0.2
Unarmed Combat | |  0.5
Spellcasting   | |  1.2

Action                   |  1- 3 |  4- 6 || total
-------------------------+-------+-------++-------
Melee: Unarmed           |    61 |     9 ||    70
       Spear             |       |     1 ||     1
Throw: Large rock        |    42 |     1 ||    43
       Throwing net      |     3 |       ||     3
 Cast: Corona            |       |     1 ||     1
 Stab: Held in net/web   |     2 |       ||     2
Armor: Robe              |    19 |     1 ||    20
Dodge: Dodged            |    45 |     6 ||    51
